 Dungeon Crawl Stone Soup version 0.24-a0-536-gdd4cf15266 (webtiles) character file.

Game seed: 8426127966780569525

106 Delarado the Changer (level 4, 0/28 HPs)
             Began as an Octopode Transmuter on Aug 11, 2019.
             Was a Follower of Cheibriados.
             Killed from afar by Ijyb (11 damage)
             ... with a puff of flame
             ... on level 3 of the Dungeon.
             The game lasted 00:11:52 (2739 turns).

Delarado the Changer (Octopode Transmuter)          Turns: 2739, Time: 00:11:53

Health: 0/28       AC:  1    Str: 12    XL:     4   Next: 84%
Magic:  5/7        EV: 13    Int: 19    God:    Cheibriados [*.....]
Gold:   170        SH:  0    Dex: 15    Spells: 1/7 levels left

rFire    . . .     SeeInvis .     - Unarmed
rCold    . . .     Gourm    .   (no shield)
rNeg     . . .     Faith    .   (helmet restricted)
rPois    .         Spirit   .   q - amulet of magic regeneration
rElec    .         Reflect  .   (no ring)
rCorr    .         Harm     .   (no ring)
MR       .....                  (no ring)
Stlth    ++........             (no ring)
HPRegen  0.09/turn              (no ring)
MPRegen  0.35/turn              (no ring)
                                (no ring)
                                (no ring)

@: appendage, very slightly contaminated, invisible, very slow
A: almost no armour, stealthy swim, amphibious, 8 rings, constrict 8, tentacle
spike 3, camouflage 1, gelatinous body 1
a: End Transformation, Bend Time, Renounce Religion


You were on level 3 of the Dungeon.
You worshipped Cheibriados.
Cheibriados was aware of your devotion.
You were not hungry.
One of your tentacles had a temporary spike.
You visited 1 branch of the dungeon, and saw 3 of its levels.

You collected 170 gold pieces.

Inventory:

Missiles
 a - 75 arrows
 b - 2 throwing nets
 d - 72 stones (quivered)
Jewellery
 q - an amulet of magic regeneration (around mantle)
Scrolls
 e - 7 scrolls of teleportation
 i - 4 scrolls of enchant weapon
 k - 4 scrolls of remove curse
 l - a scroll of fear {unknown}
 p - a scroll of amnesia
Potions
 g - a potion of magic {unknown}
 h - a potion of curing
 j - 2 potions of brilliance
 m - a potion of invisibility
 n - a potion of agility
 o - a potion of heal wounds
Comestibles
 c - 7 rations
 f - 3 chunks of flesh


   Skills:
 - Level 1.0 Fighting
 - Level 2.0 Dodging
 - Level 3.0 Unarmed Combat
 - Level 2.0 Spellcasting
 + Level 4.2 Transmutations
 + Level 2.5 Poison Magic


You had one spell level left.
You knew the following spells:

 Your Spells              Type           Power        Failure   Level  Hunger
a - Beastly Appendage     Tmut           ###...       3%          1    #......
b - Sticks to Snakes      Tmut           ###.....     4%          2    ###....
c - Spider Form           Tmut/Pois      ##........   13%         3    ###....

Your spell library contained the following spells:

 Spells                   Type           Power        Failure   Level  Hunger
 Ice Form                 Ice/Tmut       #.......     56%         4    #####..
 Blade Hands              Tmut           ###.......   63%         5    ######.


Dungeon Overview and Level Annotations

Branches:
Dungeon (3/15)

Altars:
Cheibriados
Gozag

Annotations:
D:3 Ijyb


Innate Abilities, Weirdness & Mutations

You cannot wear most types of armour.
You are very stealthy in the water. (Stealth+)
You are amphibious.
You can wear up to eight rings at the same time.
You can use your tentacles to constrict eight enemies at once.
Your skin changes colour to match your surroundings (Stealth+).
Your rubbery body absorbs attacks. (AC +1, EV +1)
One of your tentacles bears a large vicious spike.


Message History

Ijyb is moderately wounded.
Ijyb completely misses you.
Your ball python bites Ijyb but does no damage.
Your ball python constricts Ijyb.
You tentacle-slap Ijyb but do no damage.
You pierce Ijyb, but do no damage.
You squeeze Ijyb, but do no damage.
Ijyb is moderately wounded.
Ijyb struggles to escape constriction.
Your ball python bites Ijyb but does no damage.
Your ball python constricts Ijyb.
You catch the helpless Ijyb completely off-guard!
You tentacle-slap Ijyb but do no damage.
Ijyb is moderately wounded.
Your ball python bites Ijyb but does no damage.
Your ball python constricts Ijyb.
Ijyb barely misses you.
You tentacle-slap Ijyb.
Ijyb is moderately wounded.
Your ball python bites Ijyb but does no damage.
Your ball python constricts Ijyb.
Ijyb zaps a wand.
The puff of flame hits you!
You die...

.... ..... ...... .....
..... .#... #... ........
..... #.... ........
..... ##.... .......#
............#+###.......#
.>.............g.#......#
##.............S@#......#
#......##.......#....[.#
##......##..............#
..............##........#
..............##........#
..............##...######
...##'#######)##...#
#.###.#######.##...# #.#
#......รท..######


You could see Ijyb and a friendly ball python.

Vanquished Creatures
  2 gnolls (D:2)
  An adder (D:2)
  An ooze (D:1)
  4 dart slugs
  A leopard gecko (D:2)
  An orc (D:2)
  4 ball pythons
  A giant cockroach (D:1)
  5 goblins
  8 hobgoblins
  4 jackals (D:1)
  A quokka (D:2)
  7 bats
  6 frilled lizards
  11 kobolds
  7 rats
64 creatures vanquished.

Vanquished Creatures (collateral kills)
  A gnoll (D:2)
1 creature vanquished.

Grand Total: 65 creatures vanquished

Notes
Turn   | Place    | Note
-------+----------+-------------------------------------------
     0 | D:1      | Delarado the Octopode Transmuter began the quest for the
                  | Orb.
     0 | D:1      | Reached XP level 1. HP: 13/13 MP: 3/3
   380 | D:1      | Reached XP level 2. HP: 18/18 MP: 3/5
   483 | D:1      | Reached skill level 3 in Transmutations
   672 | D:1      | Reached XP level 3. HP: 17/23 MP: 4/6
   762 | D:1      | Learned a level 2 spell: Sticks to Snakes
   766 | D:1      | Learned a level 3 spell: Spider Form
  1250 | D:2      | Reached skill level 1 in Poison Magic
  1491 | D:2      | Reached XP level 4. HP: 27/28 MP: 5/7
  1783 | D:2      | Reached skill level 4 in Transmutations
  2039 | D:2      | Found a faded altar of an unknown god.
  2204 | D:2      | Became a worshipper of Cheibriados the Contemplative
  2204 | D:2      | Reached * piety under Cheibriados
  2433 | D:3      | Found an opulent altar of Gozag.
  2723 | D:3      | Noticed Ijyb
  2739 | D:3      | Killed from afar by Ijyb

Levels and vault maps discovered:
D:1:      minmay_arrival_semitransparent, layout_rooms, minmay_distorted
D:2:      layout_basic, chequers_ecumenical_altar_grove, first_ration,
          hangedman_decor_push, serial_bayou_pond_c
D:3:      layout_basic, fedhas_altar_4,
          nicolae_gozag_cash_rules_everything_around_me, uniq_ijyb

Skill      XL: |  1  2  3  4 |
---------------+-------------+-----
Transmutations | 3 4 |  4.2
Poison Magic   | 1 2 |  2.5
Fighting       | |  1.0
Dodging        | |  2.0
Unarmed Combat | |  3.0
Spellcasting   | |  2.0

Action                   |  1- 3 |  4- 6 || total
-------------------------+-------+-------++-------
Melee: Unarmed           |    85 |    44 ||   129
       Constrict         |    25 |    13 ||    38
       Kick              |    18 |    11 ||    29
       Tentacles         |     5 |     8 ||    13
       Punch             |     1 |       ||     1
Throw: Stone             |    40 |    20 ||    60
 Cast: Beastly Appendage |    23 |    15 ||    38
       Spider Form       |     1 |       ||     1
       Sticks to Snakes  |       |     7 ||     7
  Use: Scroll            |     3 |     4 ||     7
       Potion            |     2 |     1 ||     3
 Stab: Invisible         |       |     1 ||     1
  Eat: Chunk             |     2 |     4 ||     6
Armor: Skin              |     5 |     5 ||    10
Dodge: Dodged            |    49 |    30 ||    79

Table legend:
 A = Non-vault XP
 B = Vault XP
 C = Vault XP percentage of total XP
 D = Non-vault monster count
 E = Vault monster count
 F = Vault count percentage of total count
                 A         B        C        D         E       F
            +---------+---------+-------+---------+---------+-------
      Total |     150 |       2 |   1.3 |      63 |       2 |   3.1
            +---------+---------+-------+---------+---------+-------
        D:1 |      57 |       2 |   3.4 |      27 |       2 |   6.9
        D:2 |      76 |       0 |   0.0 |      24 |       0 |   0.0
        D:3 |      17 |       0 |   0.0 |      12 |       0 |   0.0
            +---------+---------+-------+---------+---------+-------
